 Dungeon Sprint DCSS version 0.29.1-1-gd02db6906a (webtiles) character file.

Game seed: 3316462889471595390

1802 Zeld the Severer (level 8, 0/82 HPs)
             Began as a Minotaur Berserker on Oct 22, 2022.
             Was an Elder of Trog.
             Succumbed to Sonja's poison
             ... in the Dungeon (Sprint I: "Red Sonja").
             The game lasted 00:01:38 (781 turns).

Zeld the Severer (Minotaur Berserker)                Turns: 781, Time: 00:01:39

Health: 0/82       AC:  2    Str: 21 (23) XL:     8   Next: 83%
Magic:  7/7        EV: 15    Int:  2 (4)  God:    Trog [****..]
Gold:   417        SH:  0    Dex:  9 (11) Spells: 7/7 levels left

rFire   . . .      SeeInvis .   a - +0 hand axe
rCold   . . .      Faith    .   (no shield)
rNeg    . . .      Spirit   .   b - +0 animal skin
rPois   .          Reflect  .   (helmet restricted)
rElec   .          Harm     .   (no cloak)
rCorr   .          Rampage  .   (no gloves)
Will    ++...      NoTele   +   (no boots)
Stlth   +.........              (no amulet)
HPRegen 1.23/turn               (no ring)
MPRegen 0.10/turn               (no ring)

@: lethally poisoned (0 -> -3), strong-willed, on berserk cooldown,
regenerating, slowed, very slow
A: horns 2, retaliatory headbutt
a: Renounce Religion, Berserk, Trog's Hand, Brothers in Arms


You were in the Dungeon.
You worshipped Trog.
Trog was greatly pleased with you.
You visited 1 branch You collected 417 gold pieces.

Inventory:

Hand Weapons
 a - a +0 hand axe (weapon)
Armour
 b - a +0 animal skin (worn)
Wands
 c - a wand of flame (9)
 i - a wand of iceblast (8)
Scrolls
 h - a scroll of blinking
Potions
 e - a potion of haste
 f - 2 potions of magic
 g - a potion of berserk rage


   Skills:
 + Level 11.3 Fighting
 * Level 15.2 Axes
 + Level 10.9 Armour
 + Level 10.1 Dodging


You had 7 spell levels left.
You didn't know any spells.
Your spell library was empty.

Dungeon Overview and Level Annotations

Branches:
Dungeon (1/1)

Altars:
Cheibriados
Dithmenos
Elyvilon
Fedhas
Gozag
Hepliaklqana
Kikubaaqudgha
Makhleb
Nemelex Xobeh
Okawaru
Qazlal
Ru
Sif Muna
Trog
Uskayaw
Vehumet
Wu Jian
Xom
Yredelemnul
Zin
The Shining One
Jiyva
Lugonu

Shops:
D ?


Innate Abilities, Weirdness & Mutations

You have a pair of horns on your head.
You reflexively headbutt those who attack you in melee.


Message History

Unknown command.
* * * LOW HITPOINT WARNING * * *
You feel extremely sick.
Unknown command.
Unknown command.
Aiming: Iceblast
Press: ? - help, Shift-Dir - straight line, f/p - Sonja
Aim: Sonja, wielding a +1 short sword of venom and quivering curare-tipped darts (almost dead, strong)
The mass of ice explodes!
The iceblast engulfs Sonja!
You kill Sonja!
Trog accepts your kill.
You can now call in reinforcements.
Trog appreciates your killing of a magic user.
* * * LOW HITPOINT WARNING * * *
You feel extremely sick.
Your Fighting skill increases to level 11!
Your Axes skill increases to level 15!
Your Dodging skill increases to level 10!
A red film seems to cover your vision as you go berserk!
You feel yourself moving faster!
You feel mighty!
* * * LOW HITPOINT WARNING * * *
You feel extremely sick.
Unknown command.
You feel a strong urge to attack something.
* * * LOW HITPOINT WARNING * * *
You feel very sick.
* * * LOW HITPOINT WARNING * * *
You feel very sick.
You start resting.
You feel your anger nearly subside.
You are no longer berserk.
You are exhausted.
You feel yourself slow down.
* * * LOW HITPOINT WARNING * * *
You feel very sick.
It was a potion of degeneration.
There was something very wrong with that liquid.
You feel weakened.
You feel dopey.
You feel clumsy.
* * * LOW HITPOINT WARNING * * *
You feel very sick.
Unknown command.
You die...

##########################
#<.#..)..#..'..#__#..')..#
#..)..#..)..#..'..'..#)..#
#..#####'#####'#__####...+
#..####..#...#.#### #####
#..#__####.)##=#
#..#_____##'#_.+
#⌠⌠#_.∩...'..._#
####_..__##@.#'#
#_____###'#)# #######
#.### $.$ $.$# ##.## #+#


There were no monsters in sight!

Vanquished Creatures
  Sonja (D)
  2 kobold demonologists (D)
  A slime creature (D)
  Sigmund (D)
  A yak (D)
  A floating eye (D)
  An ogre (D)
  A jelly (D)
  Ijyb (D)
10 creatures vanquished.

Notes
Turn   | Place    | Note
-------+----------+-------------------------------------------
     0 | D        | Zeld the Minotaur Berserker began the quest for the Orb.
     0 | D        | Reached XP level 1. HP: 19/19 MP: 0/0
     1 | D        | Noticed Ijyb
    12 | D        | Killed Ijyb
    13 | D        | Reached skill level 5 in Axes
    13 | D        | Reached XP level 2. HP: 25/28 MP: 1/1
   122 | D        | Noticed an ogre
   126 | D        | Killed an ogre
   127 | D        | Reached skill level 7 in Axes
   127 | D        | Reached skill level 5 in Armour
   127 | D        | Reached XP level 3. HP: 37/37 MP: 2/2
   127 | D        | Reached XP level 4. HP: 44/44 MP: 3/3
   222 | D        | Noticed Sigmund
   247 | D        | Killed Sigmund
   247 | D        | Reached ** piety under Trog
   248 | D        | Reached skill level 10 in Axes
   248 | D        | Reached XP level 5. HP: 28/52 MP: 4/4
   248 | D        | Reached XP level 6. HP: 32/60 MP: 5/5
   492 | D        | Found an ornate altar of the Wu Jian Council.
   492 | D        | Found a shimmering blue altar of Sif Muna.
   494 | D        | Found a radiant altar of Vehumet.
   521 | D        | Found Vared's Magic Scroll Emporium.
   521 | D        | Found an ancient bone altar of Kikubaaqudgha.
   521 | D        | Found a hazy altar of Hepliaklqana.
   521 | D        | Found a hide-covered altar of Uskayaw.
   521 | D        | Found a basalt altar of Yredelemnul.
   521 | D        | Found an opulent altar of Gozag.
   521 | D        | Found a snail-covered altar of Cheibriados.
   521 | D        | Found a sacrificial altar of Ru.
   521 | D        | Found a shadowy altar of Dithmenos.
   521 | D        | Noticed a yak
   524 | D        | Found a stormy altar of Qazlal.
   524 | D        | Found a blossoming altar of Fedhas.
   524 | D        | Found a bloodstained altar of Trog.
   524 | D        | Found an iron altar of Okawaru.
   524 | D        | Found a glowing golden altar of the Shining One.
   524 | D        | Found a glowing silver altar of Zin.
   524 | D        | Found a white marble altar of Elyvilon.
   528 | D        | Killed a yak
   529 | D        | Reached skill level 11 in Axes
   531 | D        | Found a sparkling altar of Nemelex Xobeh.
   588 | D        | Found a burning altar of Makhleb.
   588 | D        | Found a viscous altar of Jiyva.
   588 | D        | Found a shimmering altar of Xom.
   588 | D        | Found a corrupted altar of Lugonu.
   588 | D        | Noticed a slime creature
   594 | D        | Killed a slime creature
   595 | D        | Reached skill level 12 in Axes
   595 | D        | Reached XP level 7. HP: 70/70 MP: 6/6
   696 | D        | Noticed a kobold demonologist
   696 | D        | Noticed a kobold demonologist
   700 | D        | Reached *** piety under Trog
   703 | D        | Killed a kobold demonologist
   704 | D        | Reached skill level 10 in Fighting
   704 | D        | Reached skill level 13 in Axes
   709 | D        | Noticed a rust devil
   709 | D        | Killed a kobold demonologist
   709 | D        | Reached **** piety under Trog
   710 | D        | Reached skill level 14 in Axes
   710 | D        | Reached skill level 10 in Armour
   710 | D        | Reached XP level 8. HP: 80/80 MP: 7/7
   767 | D        | Noticed Sonja
   775 | D        | Killed Sonja
   776 | D        | Reached skill level 15 in Axes
   776 | D        | Reached skill level 10 in Dodging
   779 | D        | HP: 4/82 [poisoned by Sonja]
   780 | D        | HP: 1/82 [poisoned by Sonja]
   781 | D        | Succumbed to Sonja's poison

Illustrated notes

Levels and vault maps discovered:
D:        dungeon_sprint_1 [red_sonja_temple_1, red_sonja_temple_small_1]

Skill      XL: |  1  2  3  4  5  6  7  8 |
---------------+-------------------------+-----
Fighting       | 4 6 7 9 10 11 | 11.3
Axes           | 5 7 10 12 14 15 | 15.2
Armour         | 3 5 7 8 10 | 10.9
Dodging        | 3 4 6 8 9 10 | 10.1

Action                   |  1- 3 |  4- 6 |  7- 9 || total
-------------------------+-------+-------+-------++-------
Melee: Hand axe          |    12 |    23 |    12 ||    47
       Headbutt          |     1 |     3 |       ||     4
Invok: Berserk           |     2 |     3 |     2 ||     7
       Trog's Hand       |       |       |     1 ||     1
Evoke: Wand              |       |       |     3 ||     3
  Use: Potion            |       |     2 |     1 ||     3
Armor: Animal skin       |     1 |     1 |       ||     2
Dodge: Dodged            |     5 |     7 |     4 ||    16
